 Dungeon Crawl Stone Soup version 0.16.1-18-g436b03c (webtiles) character file.

691 tesudzi the Martial Artist (level 7, 0/51 HPs)
             Began as a Vampire Monk on Apr 27, 2015.
             Was a Believer of Dithmenos.
             Slain by Prince Ribbit (19 damage)
             ... on level 5 of the Dungeon.
             The game lasted 00:08:57 (3499 turns).

tesudzi the Martial Artist (Vampire Monk)           Turns: 3499, Time: 00:08:57

Health: 0/51       AC:  3    Str: 12    XL:     7   Next: 36%
Magic:  16/16      EV: 14    Int: 12    God:    Dithmenos [**....]
Gold:   105        SH:  0    Dex: 18    Spells: 0 memorised, 6 levels left

rFire  . . .     SeeInvis +       - Unarmed
rCold  . . .     Clarity  .     a - +0 robe
rNeg   . . .     SustAb   .     (no shield)
rPois  .         Gourm    .     (no helmet)
rElec  .         Spirit   .     q - +0 cloak
rCorr  .         Warding  .     (no gloves)
rMut   .         Rnd*Tele +     (no boots)
MR     .....                    (no amulet)
Stlth  ++++++....               s - ring of magical power
                                b - +2 ring of strength

@: regenerating quickly, wreathed by umbra, not resistant to hostile
enchantments, very stealthy
A: bottle blood, claws 1, fangs 3, see invisible, spit poison 1, teleportitis 1,
unbreathing
a: Spit Poison, Shadow Step, Renounce Religion


You were on level 5 of the Dungeon.
You worshipped Dithmenos.
Dithmenos was pleased with you.
You were full.

You visited 2 branches of the dungeon, and saw 6 of its levels.

You collected 207 gold pieces.
You spent 102 gold pieces at shops.

Inventory:

Hand weapons
 k - a +0 dagger of protection
 n - a -3 long sword
 p - a +0 long sword
 w - a +2 rapier of draining
Missiles
 e - 4 needles of slowing
 j - 11 poisoned needles
Armour
 a - a +0 robe (worn)
 q - a +0 cloak (worn)
Jewellery
 b - a +2 ring of strength (left claw)
 s - a ring of magical power (right claw)
 v - an uncursed ring of see invisible
Scrolls
 c - 2 scrolls of remove curse
 d - a scroll of fog {unknown}
 f - a scroll of recharging
 h - a scroll of blinking
 m - 2 scrolls of identify
 o - a scroll of immolation {unknown}
 t - a scroll of teleportation
 u - a scroll of fear
 y - a scroll of enchant armour {unknown}
 A - a scroll of random uselessness {unknown}
Potions
 g - a potion of heal wounds
 i - a potion of might
 l - a potion of brilliance
 r - a potion of invisibility
 x - a potion of curing {unknown}
 z - a potion of ambrosia {unknown}


   Skills:
 - Level 2.6 Fighting
 - Level 3.2 Dodging
 + Level 7.7 Stealth
 * Level 8.6 Unarmed Combat


You had 6 spell levels left.
You didn't know any spells.

Dungeon Overview and Level Annotations

Branches:
Dungeon (5/15)             Temple (1/1) D:4

Altars:
Ashenzari
Cheibriados
Dithmenos
Elyvilon
Fedhas
Gozag
Kikubaaqudgha
Nemelex Xobeh
Okawaru
Qazlal
Ru
Sif Muna
Trog
Vehumet
Xom
Yredelemnul
Zin
The Shining One

Shops:
D:5 ?

Annotations:
D:5 Prince Ribbit


Innate Abilities, Weirdness & Mutations

Your natural rate of healing is unusually fast.
You can bottle blood from corpses.
You have razor-sharp teeth.
You have supernaturally acute eyesight.
You can survive without breathing.
You have sharp fingernails.
You can spit poison.
Space occasionally distorts in your vicinity.


Message History

Your bite passes through Prince Ribbit as he momentarily phases out.
Prince Ribbit is heavily wounded.
The megabat closely misses you.
Prince Ribbit blinks!
The megabat closely misses you.
Prince Ribbit blinks!
You scratch the megabat.
You kill the megabat!
Dithmenos accepts your kill.
Prince Ribbit croaks regally.
Prince Ribbit momentarily phases out as your attack passes through him.
Prince Ribbit is heavily wounded.
Prince Ribbit is no longer bleeding.
Prince Ribbit misses you.
You scratch Prince Ribbit.
Prince Ribbit begins to bleed from his wounds!
Prince Ribbit is severely wounded.
Prince Ribbit hits you!
Prince Ribbit momentarily phases out as your attack passes through him.
Your bite misses Prince Ribbit.
Prince Ribbit is severely wounded.
Prince Ribbit hits you!!
You die...

#...## ######...##
#.........###
##...........###
#..............##
##...............###
##..................##
#....................###
.......†@..............##
#.......F................
........................
........................
........................
.................##.###
..........#######.##
........# #. ... #.


You could see Prince Ribbit (bleeding).

Vanquished Creatures
  An ogre (D:4)
  A phantom (D:5)
  A scorpion (D:4)
  2 hounds
  Crazy Yiuf (D:3)
  3 orc wizards
  4 worker ants
  Ijyb (D:3)
  8 adders
  A worm (D:3)
  4 giant geckos
  11 orcs
  A spectral bat (D:5)
  2 ball pythons (D:1)
  A bat skeleton (D:5)
  A giant cockroach (D:1)
  7 goblins
  11 hobgoblins
  12 jackals
  10 kobolds
  A quokka (D:2)
  A ball python zombie (D:5)
  11 bats
  6 giant newts
  2 quokka zombies (D:5)
  9 rats
113 creatures vanquished.

Notes
Turn   | Place    | Note
--------------------------------------------------------------
     0 | D:1      | tesudzi, the Vampire Monk, began the quest for the Orb.
     0 | D:1      | Reached XP level 1. HP: 17/17 MP: 1/1
    86 | D:1      | Reached XP level 2. HP: 9/23 MP: 2/2
    99 | D:1      | Reached skill level 5 in Unarmed Combat
   819 | D:2      | Reached XP level 3. HP: 18/28 MP: 3/3
  1168 | D:3      | Reached XP level 4. HP: 27/34 MP: 4/4
  1204 | D:3      | Found a shattered altar of Ashenzari.
  1249 | D:3      | Gained mutation: You can spit poison. [potion of mutation]
  1249 | D:3      | Gained mutation: Space occasionally distorts in your vicinity. [potion of mutation]
  1249 | D:3      | Gained mutation: You have sharp fingernails. [potion of mutation]
  1261 | D:2      | Reached skill level 6 in Unarmed Combat
  1394 | D:3      | Reached skill level 5 in Stealth
  1487 | D:3      | Reached XP level 5. HP: 28/39 MP: 5/5
  1536 | D:3      | Noticed Ijyb
  1551 | D:3      | Killed Ijyb
  1888 | D:3      | Noticed Crazy Yiuf
  1903 | D:3      | Killed Crazy Yiuf
  2113 | D:4      | Noticed an ogre
  2123 | D:4      | Killed an ogre
  2123 | D:4      | Reached skill level 7 in Unarmed Combat
  2123 | D:4      | Reached XP level 6. HP: 31/46 MP: 6/6
  2569 | D:4      | Found a staircase to the Ecumenical Temple.
  2577 | Temple   | Entered the Ecumenical Temple
  2657 | Temple   | Became a worshipper of Dithmenos the Shadowed
  2657 | Temple   | Acquired Dithmenos' first power
  2880 | D:5      | Entered Level 5 of the Dungeon
  2918 | D:5      | Found Qag Uschul's Magic Scroll Emporium.
  2925 | D:5      | Reached skill level 8 in Unarmed Combat
  2925 | D:5      | Reached XP level 7. HP: 45/51 MP: 7/7
  2933 | D:5      | Bought a scroll of identify for 24 gold pieces
  2933 | D:5      | Bought a scroll of teleportation for 36 gold pieces
  2933 | D:5      | Bought a scroll of fear for 42 gold pieces
  3487 | D:5      | Noticed Prince Ribbit
  3499 | D:5      | Slain by Prince Ribbit

Action                   |  1- 3 |  4- 6 |  7- 9 || total
-------------------------+-------+-------+-------++-------
Melee: Unarmed           |   115 |   202 |    86 ||   403
  Use: Potion            |       |     6 |       ||     6
       Scroll            |       |     2 |     3 ||     5
 Stab: Sleeping          |     9 |    12 |     1 ||    22
       Invisible         |       |     1 |       ||     1
  Eat: Corpse            |     9 |    10 |     1 ||    20
